 Dungeon Crawl Stone Soup version 0.30-a0-996-ga6910c8ee8 (webtiles) character file.

Game seed: 584400202222836289

44837 croobank the Covert (level 14, -13/101 HPs)
             Began as a Gnoll Delver on Apr 4, 2023.
             Was the Champion of Hepliaklqana.
             Killed from afar by a lindwurm (39 damage)
             ... with a blast of flame
             ... on level 4 of the Lair of Beasts.
             The game lasted 00:56:26 (16818 turns).

croobank the Covert (Gnoll Delver)                 Turns: 16818, Time: 00:56:27

Health: -13/101    AC: 13    Str: 13    XL:     14   Next: 30%
Magic:  16/27      EV: 20    Int: 13    God:    Hepliaklqana [******]
Gold:   1139       SH: 12    Dex: 17    Spells: 20/31 levels left

rFire   . . .      SeeInvis +    a - +7 consecrated labrys {holy, Valiant Fragile Fly SInv}
rCold   . . .      Faith    .    n - +0 kite shield
rNeg    . . .      Spirit   .    b - +2 ring mail "Fenaplore" {Rampage Dex+3}
rPois   .          Reflect  .    (no helmet)
rElec   .          Rampage  +    (no cloak)
rCorr   +                        y - +0 pair of gloves {infuse}
Will    +....                    t - +2 pair of boots
Stlth   +++++                    N - amulet of regeneration
HPRegen 1.16/turn                K - ring of resist corrosion
MPRegen 0.20/turn                z - +5 ring of evasion

@: flying
A: reduced essence, fangs 1, strong nose, distributed training
a: Renounce Religion, Recall Ancestor, Ancestor Identity, Transference, Idealise


You were on level 4 of the Lair of Beasts.
You worshipped Hepliaklqana.
Hepliaklqana was exalted by your worship.
You visited 3 branches of the dungeon, and saw 17 of its levels.
You also visited: Gauntlet.

You collected 1139 gold pieces.

Inventory:

Hand Weapons
 a - the +7 consecrated labrys (weapon) {holy, Valiant Fragile Fly SInv}
   (You acquired it on level 8 of the Dungeon)

   Valiant:   It becomes more powerful as more dangerous foes come into view.
   SInv:      It lets you see invisible.
   Fly:       It grants you flight.
   Fragile:   It will be destroyed if unequipped.
 A - the +4 long sword of Zekokoc {flame, rN++ Will+ Dex+2}
   (You found it in a Gauntlet)

   Dex:       It affects your dexterity (+2).
   rN:        It greatly protects you from negative energy.
   Will:      It increases your willpower.
 O - a +5 short sword of electrocution
 Q - the +5 flail "Killer Klown's Bane" {flame, Drain rF+ Will+ Dex+3}
   (You found it on level 3 of the Lair of Beasts)

   Dex:       It affects your dexterity (+3).
   rF:        It protects you from fire.
   Drain:     It drains your maximum health when unequipped.
   Will:      It increases your willpower.
 Y - the +8 mace of Fedhas's Grace {holy, Int+3}
   (You found it on level 1 of the Lair of Beasts)

   Int:       It affects your intelligence (+3).
Missiles
 k - 9 javelins (quivered)
 G - 2 datura-tipped darts
Armour
 b - the +2 ring mail "Fenaplore" (worn) {Rampage Dex+3}
   (You found it on level 12 of the Dungeon)

   Dex:       It affects your dexterity (+3).
   Rampage:   It bestows one free step when moving towards enemies.
 n - a +0 kite shield (worn)
 t - a +2 pair of boots (worn)
 y - a +0 pair of gloves of infusion (worn)
 L - a +2 leather armour of poison resistance
Magical Staves
 U - a staff of conjuration
 X - a staff of fire
Jewellery
 s - a +6 ring of strength
 u - a ring of protection from cold
 z - a +5 ring of evasion (right hand)
 K - a ring of resist corrosion (left hand)
 N - an amulet of regeneration (around neck)
Wands
 g - a wand of digging (10)
 B - a wand of paralysis (6)
 H - a wand of mindburst (6)
 I - a wand of acid (10)
 R - a wand of flame (21)
 T - a wand of iceblast (21)
Scrolls
 c - 3 scrolls of fog
 e - 3 scrolls of fear
 h - 3 scrolls of amnesia
 j - 5 scrolls of immolation
 m - 3 scrolls of magic mapping
 r - 5 scrolls of poison
 x - a scroll of silence
 E - 4 scrolls of teleportation
 J - 3 scrolls of vulnerability
 S - 2 scrolls of blinking
Potions
 d - 3 potions of attraction
 f - 2 potions of haste
 i - a potion of magic
 l - a potion of resistance
 o - 4 potions of might
 p - 7 potions of ambrosia
 q - 2 potions of brilliance
 v - a potion of heal wounds
 w - 5 potions of lignification
 C - a potion of flight
 D - 4 potions of cancellation
 F - 5 potions of curing {unknown}
 V - 2 potions of mutation {unknown}
 W - 2 potions of berserk rage
 Z - 4 potions of invisibility
Miscellaneous
 M - a phantom mirror
 P - a lightning rod (4/4)


   Skills:
 + Level 11.3 Fighting
 + Level 9.3 Short Blades
 + Level 9.3 Long Blades
 + Level 10.4 Axes
 + Level 9.3 Maces & Flails
 + Level 9.3 Polearms
 + Level 9.3 Staves
 + Level 9.3 Ranged Weapons
 + Level 9.3 Throwing
 + Level 9.3 Armour
 + Level 10.4 Dodging
 + Level 13.1 Stealth
 + Level 9.3 Shields
 + Level 9.3 Unarmed Combat
 + Level 9.3 Spellcasting
 + Level 7.7 Conjurations
 + Level 7.7 Hexes
 + Level 7.7 Summonings
 + Level 7.7 Necromancy
 + Level 7.7 Translocations
 + Level 7.7 Transmutations
 + Level 7.7 Fire Magic
 + Level 7.7 Ice Magic
 + Level 7.7 Air Magic
 + Level 7.7 Earth Magic
 + Level 7.7 Poison Magic
 + Level 10.1 Invocations
 + Level 9.3 Evocations


You had 20 spell levels left.
You knew the following spells:

 Your Spells              Type           Power      Damage    Failure   Level
a - Magic Dart            Conj           100%       1d8       2%          1
b - Searing Ray           Conj           52%        2d6       3%          2
c - Fulminant Prism       Conj/Hex       13%        3d8       22%         4
d - Summon Lightning Spi  Summ/Air       26%        N/A       22%         4

Your spell library contained the following spells:

 Spells                   Type           Power      Damage    Failure   Level
 Apportation              Tloc           52%        N/A       2%          1
 Freeze                   Ice            100%       1d10      2%          1
 Cigotuvi's Dreadful Rot  Necr/Pois/Air  52%        N/A       3%          2
 Scorch                   Fire           52%        2d7       3%          2
 Hailstorm                Conj/Ice       26%        3d7       6%          3
 Inner Flame              Hex/Fire       26%        N/A       6%          3
 Ozocubu's Armour         Ice            26%        N/A       6%          3
 Cause Fear               Hex            13%        N/A       22%         4
 Dispel Undead            Necr           26%        3d13      22%         4
 Flame Wave               Conj/Fire      26%        2d8       22%         4
 Ice Form                 Ice/Tmut       26%        N/A       22%         4
 Sticky Flame             Conj/Fire      26%        2d5       22%         4
 Alistair's Intoxication  Tmut/Pois      17%        N/A       52%         5
 Metabolic Englaciation   Hex/Ice        13%        N/A       52%         5
 Death Channel            Necr           13%        N/A       97%         6
 Plasma Beam              Fire/Air       13%        2x1d26    97%         6
 Simulacrum               Ice/Necr       13%        N/A       97%         6
 Starburst                Conj/Fire      13%        6d5       97%         6
 Summon Cactus Giant      Summ           13%        N/A       97%         6
 Ozocubu's Refrigeration  Ice            13%        4d10      100%        7
 Storm Form               Tmut/Air       13%        N/A       100%        7
 Discord                  Hex            13%        N/A       100%        8
 Maxwell's Capacitive Co  Air            13%        ∞         100%        8


Dungeon Overview and Level Annotations

Branches:
Dungeon (12/15)            Temple (1/1) D:6            Lair (4/5) D:8
 Shoals (0/4) Lair:3       Spider (0/4) Lair:2        Slime (0/5) Lair:4
    Orc (0/2) D:11        Gauntlet (visited)

Altars:
Ashenzari
Cheibriados
Dithmenos
Elyvilon
Fedhas
Gozag
Hepliaklqana
Kikubaaqudgha
Makhleb
Nemelex Xobeh
Okawaru
Qazlal
Sif Muna
Uskayaw
Vehumet
Wu Jian
Xom
Yredelemnul
Zin
The Shining One

Annotations:
D:10 exclusion: obsidian statue
Temple 2 transporters


Innate Abilities, Weirdness & Mutations

Your life essence is reduced to manifest your ancestor. (-10% HP)
You have very sharp teeth.
Your uncanny sense of smell can sniff out nearby items.
Your experience applies equally to all skills.


Message History

The searing ray misses the lindwurm. (Press . to maintain the ray.)
A lindwurm comes into view.
The searing ray hits the lindwurm!
The lindwurm is heavily wounded.
The searing ray hits the lindwurm.
The lindwurm is lightly wounded.
The searing ray hits the lindwurm.
The lindwurm is moderately wounded.
The lindwurm misses you. You block the lindwurm's attack.
The lindwurm barely misses you. The lindwurm breathes flames at you.
The blast of flame hits the lindwurm!!
The blast of flame hits you!!
Casting: Searing Ray (safe; 3% risk of failure)
Confirm with . or Enter, or press ? or * to list all spells.
Okay, then.
The searing ray hits the lindwurm.
The lindwurm is almost dead.
The searing ray hits the lindwurm.
The lindwurm is lightly wounded.
The searing ray hits the lindwurm but does no damage.
The lindwurm is moderately wounded.
The lindwurm bites you. The lindwurm misses you. x2
You slice the lindwurm!!
You kill the lindwurm!
You slice the lindwurm!!
The lindwurm is severely wounded.
You block the lindwurm's attack. x2; The lindwurm barely misses you.
You slash the lindwurm! Your bite misses the lindwurm.
The lindwurm is almost dead.
The lindwurm breathes flames at you. The blast of flame hits you!!
You slice the lindwurm!!
You kill the lindwurm!
The lindwurm breathes flames at you. The blast of flame hits you!
* * * LOW HITPOINT WARNING * * *
The lindwurm breathes flames at you.
The blast of flame hits the lindwurm!!
The blast of flame hits you!!!
You die...

......≈≈§§≈ ≈≈≈.....P#
..#..≈≈≈§≈.. ≈≈≈≈....##
###.§≈≈≈≈≈..#### ≈≈≈≈≈≈...#
##..§≈≈§≈.. .$$. ..≈≈≈≈....##
...≈§§§§≈.# ∆>|/ #.≈≈§≈≈....#
....§≈≈§≈.# ∆ |k##.≈≈§≈≈....#
....§§§≈≈..# ∆∆.#..≈≈≈§.§..##
.....≈≈≈≈§.. ##k.≈§≈≈≈....#
....≈≈≈≈≈≈...##.@.≈≈§≈§≈.#.#
......≈≈≈≈≈≈..§.§§§≈≈≈≈....####
.....≈≈≈≈≈≈≈≈≈§≈§≈§§≈§....###.#
.......§≈≈≈§≈≈§≈≈≈≈≈≈.....##.####
..#...§§≈≈§§§§§≈§≈≈≈....#♣~.#.#.#
.###..§.§.§§§≈≈≈§≈≈..§...~~~.....
..........§§.§≈§.§.....#...~.....
.......#.††............P.~~~.....
.......).................♣~......


You could see 2 lindwurms.

Vanquished Creatures
  A minotaur (Gauntlet)
  A boulder beetle (D:12)
  A two-headed ogre (D:11)
  2 lindwurms (Lair:4)
  A necromancer (Gauntlet)
  A cyclops (D:12)
  11 elephants
  A manticore (D:6)
  An ice statue (D:10)
  2 black mambas
  Joseph (D:8)
  A gargoyle (D:12)
  4 torpor snails (Lair:1)
  2 komodo dragons (D:8)
  Psyche (D:8)
  5 cane toads
  2 trolls (D:12)
  A meliai (Lair:4)
  4 blink frogs
  2 dream sheep (Lair:3)
  4 wraiths
  A shadow (D:9)
  3 wyverns
  11 yaks
  2 basilisks
  2 vampire mosquitoes
  Edmund (D:5)
  An acid dragon (D:11)
  A hell hound (Gauntlet)
  4 water moccasins
  Duvessa (D:6)
  An ice beast (D:7)
  A swamp drake (D:8)
  2 orc warriors
  An ogre (D:5)
  5 wolves
  2 centaurs
  A kobold brigand (D:7)
  7 bullfrogs
  2 scorpions (D:5)
  A wight (D:8)
  Dowan (D:6)
  16 killer bees
  A vampire bat (D:3)
  9 howler monkeys
  3 orc priests
  A jelly (D:4)
  2 hounds (D:5)
  A gnoll bouda (D:6)
  5 orc wizards
  A statue (D:7)
  A polar bear simulacrum (Lair:2)
  3 yak simulacra (Lair:2)
  2 wolf simulacra (Lair:2)
  4 gnolls
  2 adders
  A white imp (Gauntlet)
  An ufetubus (D:6)
  3 worms
  4 dart slugs
  22 orcs
  5 ball pythons
  7 endoplasms
  A giant cockroach (D:2)
  7 goblins
  7 hobgoblins
  2 jackals (D:4)
  9 kobolds
  3 quokkas
  6 bats
  3 frilled lizards
  8 rats
  4 river rat simulacra (Lair:2)
244 creatures vanquished.

Vanquished Creatures (collateral kills)
  A hell beast (Gauntlet)
  A boulder beetle (D:8)
  A necromancer (Lair:2)
  3 elephants (Lair:1)
  A manticore (D:12)
  A water nymph (Lair:3)
  4 cane toads
  A gargoyle (D:8)
  A torpor snail (Lair:1)
  An ice devil (Gauntlet)
  A queen bee (Lair:4)
  3 meliai
  Grinder (D:6)
  9 blink frogs
  3 dream sheep (Lair:3)
  10 yaks
  A wyvern (D:8)
  A vampire mosquito (D:10)
  A hell hound (Gauntlet)
  3 water moccasins
  An orc warrior (D:11)
  4 centaurs
  3 wolves
  Blork the orc (D:5)
  2 kobold brigands
  4 bullfrogs
  2 scorpions
  8 wights (D:8)
  20 killer bees
  A vampire bat (D:3)
  An electric eel (D:9)
  A howler monkey (D:8)
  2 hounds (D:5)
  A jelly (D:5)
  An orc priest (D:6)
  2 iguanas (D:5)
  3 orc wizards
  A polar bear simulacrum (Lair:2)
  2 gnolls (D:6)
  2 adders
  A white imp (Gauntlet)
  A worm (D:2)
  15 orcs
  A giant cockroach (D:2)
  7 kobolds
  2 ball pythons (D:4)
  5 bats (D:3)
  A butterfly (Lair:3)
143 creatures vanquished.

Vanquished Creatures (others)
  A komodo dragon (D:8)
  A wolf (Gauntlet)
  13 battlemagi
  3 demonic plants (Gauntlet)
  12 fungi
  11 plants
41 creatures vanquished.

Grand Total: 428 creatures vanquished

Notes
Turn   | Place    | Note
-------+----------+-------------------------------------------
     0 | D:5      | Reached skill level 9 in Stealth
     0 | D:5      | croobank the Gnoll Delver began the quest for the Orb.
     0 | D:5      | Reached XP level 1. HP: 23/23 MP: 1/1
    23 | D:6      | Found a staircase to the Ecumenical Temple.
    35 | Temple   | Entered the Ecumenical Temple
    35 | Temple   | Found a transporter.
    35 | Temple   | Found a transporter.
    37 | Temple   | Found a transporter.
    37 | Temple   | Found a transporter.
    51 | Temple   | Became a worshipper of Hepliaklqana the Forgotten
   112 | D:5      | Noticed a hound
   115 | D:5      | Killed a hound
   116 | D:5      | Reached skill level 1 in Invocations
   116 | D:5      | Reached XP level 2. HP: 29/29 MP: 1/3
   116 | D:5      | Reached XP level 3. HP: 35/35 MP: 1/4
   167 | D:5      | Noticed an ogre
   209 | D:5      | Killed an ogre
   210 | D:5      | Reached skill level 1 in Short Blades
   210 | D:5      | Reached skill level 1 in Long Blades
   210 | D:5      | Reached skill level 1 in Maces & Flails
   210 | D:5      | Reached skill level 1 in Polearms
   210 | D:5      | Reached skill level 1 in Staves
   210 | D:5      | Reached skill level 1 in Ranged Weapons
   210 | D:5      | Reached skill level 1 in Throwing
   210 | D:5      | Reached skill level 1 in Armour
   210 | D:5      | Reached skill level 1 in Shields
   210 | D:5      | Reached skill level 1 in Unarmed Combat
   210 | D:5      | Reached skill level 1 in Spellcasting
   210 | D:5      | Reached skill level 1 in Conjurations
   210 | D:5      | Reached skill level 1 in Hexes
   210 | D:5      | Reached skill level 1 in Summonings
   210 | D:5      | Reached skill level 1 in Necromancy
   210 | D:5      | Reached skill level 1 in Translocations
   210 | D:5      | Reached skill level 1 in Transmutations
   210 | D:5      | Reached skill level 1 in Fire Magic
   210 | D:5      | Reached skill level 1 in Ice Magic
   210 | D:5      | Reached skill level 1 in Air Magic
   210 | D:5      | Reached skill level 1 in Earth Magic
   210 | D:5      | Reached skill level 1 in Poison Magic
   210 | D:5      | Reached skill level 1 in Evocations
   210 | D:5      | Reached XP level 4. HP: 41/41 MP: 4/6
   210 | D:5      | Reached XP level 5. HP: 47/47 MP: 4/7
   458 | D:5      | Reached XP level 6. HP: 53/53 MP: 8/8
   482 | D:5      | Noticed Blork the orc
   662 | D:4      | Reached skill level 5 in Axes
   662 | D:4      | Reached skill level 5 in Dodging
  1094 | D:3      | Reached * piety under Hepliaklqana
  2766 | D:3      | Reached XP level 7. HP: 44/52 MP: 10/10
  3110 | D:3      | Reached ** piety under Hepliaklqana
  3111 | D:3      | Remembered your ancestor Beli-Ashared as a battlemage
  3883 | D:4      | Reached skill level 10 in Stealth
  4330 | D:5      | Noticed Edmund
  4351 | D:5      | Killed Edmund
  4352 | D:5      | Reached XP level 8. HP: 51/60 MP: 12/12
  4450 | D:5      | Killed Blork the orc
  5347 | D:6      | Noticed a manticore
  5353 | D:6      | Killed a manticore
  5371 | D:6      | Noticed Duvessa
  5371 | D:6      | Noticed Dowan
  5376 | D:6      | Killed Duvessa
  5379 | D:6      | Killed Dowan
  5380 | D:6      | Reached XP level 9. HP: 43/65 MP: 14/14
  5499 | D:6      | Reached *** piety under Hepliaklqana
  5699 | D:6      | Found a sparkling altar of Nemelex Xobeh.
  5772 | D:6      | Found a basalt altar of Yredelemnul.
  5785 | D:6      | Learned a level 1 spell: Magic Dart
  5788 | D:6      | Learned a level 2 spell: Searing Ray
  5815 | D:6      | Got Sif Muna's Secrets of Freezing Calefaction
  6001 | D:6      | Noticed Grinder
  6020 | D:6      | Killed Grinder
  6247 | D:7      | Reached skill level 5 in Invocations
  6253 | D:7      | Found a radiant altar of Vehumet.
  6526 | D:7      | Found an ancient bone altar of Kikubaaqudgha.
  6680 | D:8      | Noticed a gargoyle
  6694 | D:8      | Killed a gargoyle
  6758 | D:8      | Reached skill level 5 in Short Blades
  6758 | D:8      | Reached skill level 5 in Long Blades
  6758 | D:8      | Reached skill level 5 in Maces & Flails
  6758 | D:8      | Reached skill level 5 in Polearms
  6758 | D:8      | Reached skill level 5 in Staves
  6758 | D:8      | Reached skill level 5 in Ranged Weapons
  6758 | D:8      | Reached skill level 5 in Throwing
  6758 | D:8      | Reached skill level 5 in Armour
  6758 | D:8      | Reached skill level 5 in Shields
  6758 | D:8      | Reached skill level 5 in Unarmed Combat
  6758 | D:8      | Reached skill level 5 in Spellcasting
  6758 | D:8      | Reached skill level 5 in Evocations
  6758 | D:8      | Reached XP level 10. HP: 72/72 MP: 12/17
  6900 | D:8      | Noticed Joseph
  6931 | D:8      | Killed Joseph
  7073 | D:8      | Reached skill level 11 in Stealth
  7290 | D:8      | Noticed Psyche
  7298 | D:8      | Killed Psyche
  7556 | D:8      | Identified a scroll of acquirement
  7556 | D:8      | Acquired the +4 consecrated labrys {holy, Valiant Fragile
                  | Fly SInv}
  7556 | D:8      | Found the +4 consecrated labrys {holy, Valiant Fragile Fly
                  | SInv}
  7725 | D:8      | Learned a level 4 spell: Fulminant Prism
  7941 | D:8      | Noticed a boulder beetle
  7957 | D:8      | Killed a boulder beetle
  8061 | D:8      | Found a staircase to the Lair.
  8287 | D:9      | Found a white marble altar of Elyvilon.
  8288 | D:9      | Found a stormy altar of Qazlal.
  8315 | D:9      | Reached skill level 5 in Conjurations
  8315 | D:9      | Reached skill level 5 in Hexes
  8315 | D:9      | Reached skill level 5 in Summonings
  8315 | D:9      | Reached skill level 5 in Necromancy
  8315 | D:9      | Reached skill level 5 in Translocations
  8315 | D:9      | Reached skill level 5 in Transmutations
  8315 | D:9      | Reached skill level 5 in Fire Magic
  8315 | D:9      | Reached skill level 5 in Ice Magic
  8315 | D:9      | Reached skill level 5 in Air Magic
  8315 | D:9      | Reached skill level 5 in Earth Magic
  8315 | D:9      | Reached skill level 5 in Poison Magic
  8315 | D:9      | Reached XP level 11. HP: 79/80 MP: 20/20
  8320 | D:9      | Reached **** piety under Hepliaklqana
  8349 | D:9      | Paralysed by an orc wizard for 3 turns
  9427 | D:10     | Entered Level 10 of the Dungeon
  9549 | D:10     | Noticed an obsidian statue
  9640 | D:10     | Found a glowing silver altar of Zin.
 10446 | D:11     | Reached ***** piety under Hepliaklqana
 10460 | D:11     | Found a staircase to the Orcish Mines.
 10615 | D:11     | Noticed a two-headed ogre
 10630 | D:11     | Killed a two-headed ogre
 10989 | D:12     | Noticed a boulder beetle
 11012 | D:12     | Killed a boulder beetle
 11063 | D:12     | Noticed a manticore
 11069 | D:12     | Killed a manticore
 11263 | D:12     | Identified the +2 ring mail "Fenaplore" {Rampage Dex+3}
 11386 | D:12     | Noticed a cyclops
 11398 | D:12     | Killed a cyclops
 11399 | D:12     | Reached XP level 12. HP: 67/87 MP: 19/22
 11852 | Lair:1   | Entered Level 1 of the Lair of Beasts
 11883 | Lair:1   | Found a gate leading to a gauntlet.
 11895 | Lair:1   | Reached skill level 10 in Fighting
 11895 | Lair:1   | Reached skill level 12 in Stealth
 11895 | Lair:1   | Reached XP level 13. HP: 92/92 MP: 19/24
 11897 | Gauntlet | Entered a Gauntlet
 11897 | Gauntlet | Found a transporter.
 11897 | Gauntlet | Found a transporter.
 11933 | Gauntlet | Found a transporter.
 11936 | Gauntlet | Found a transporter.
 11946 | Gauntlet | Found a transporter.
 11949 | Gauntlet | Found a transporter.
 11960 | Gauntlet | Noticed an entropy weaver
 11964 | Gauntlet | Found a transporter.
 11983 | Gauntlet | Found a transporter.
 11998 | Gauntlet | Found a transporter.
 12001 | Gauntlet | Found a transporter.
 12009 | Gauntlet | Found a transporter.
 12012 | Gauntlet | Found a transporter.
 12039 | Gauntlet | Learned a level 4 spell: Summon Lightning Spire
 12188 | Gauntlet | Noticed a minotaur
 12200 | Gauntlet | Killed a minotaur
 12201 | Gauntlet | Identified the +4 long sword of Zekokoc {flame, rN++ Will+
                  | Dex+2}
 12295 | Lair:1   | Identified the +8 mace of Fedhas's Grace {holy, Int+3}
 12511 | Lair:1   | Found a snail-covered altar of Cheibriados.
 13926 | Lair:2   | Found a hole to the Spider Nest.
 13998 | Lair:2   | Reached ****** piety under Hepliaklqana
 14930 | Lair:3   | Identified the +5 flail "Killer Klown's Bane" {flame, Drain
                  | rF+ Will+ Dex+3}
 14951 | Lair:3   | Reached skill level 10 in Axes
 14951 | Lair:3   | Reached skill level 10 in Dodging
 15210 | Lair:3   | Reached XP level 14. HP: 90/101 MP: 19/26
 15824 | Lair:4   | Reached skill level 13 in Stealth
 15887 | Lair:4   | Reached skill level 10 in Invocations
 16124 | Lair:4   | Found a staircase to the Slime Pits.
 16227 | Lair:4   | HP: 4/101 [meliai/divine providence (10)]
 16818 | Lair:4   | Killed from afar by a lindwurm

Illustrated notes

Levels and vault maps discovered:
D:1:      scummos_arrival_simple_fountains, layout_basic,
          chequers_decorated_corner, minmay_pentomino_q2
D:2:      minmay_skewed_foursquare, layout_loops_ring
D:3:      layout_loops_ring, roderic_batcave
D:4:      layout_basic
D:5:      layout_layer_cave, chequers_arboretum, hangedman_decor_growths,
          uniq_edmund, uniq_blork_the_orc
D:6:      layout_loops_ring, kennysheep_little_box, overflow_temple_1_default,
          minmay_temple_entry_drinking_statues, uniq_grinder, uniq_duvessa
D:7:      layout_basic, vehumet_statue, kiku_gazebo_pond_becter,
          nicolae_elevator_lobby_asterisk
D:8:      layout_basic, erik_lair_dragon, uniq_joseph, uniq_psyche
D:9:      layout_basic, nicolae_overflow_two_pavilions, minmay_alternating_orb
D:10:     minmay_separated_statues, layout_irregular_city,
          mainiacjoe_overflow_surrounded_room
D:11:     layout_roguey, orc_0_dummy
D:12:     layout_small_grid
Temple:   hellmonk_temple_divided_pantheon
Lair:1:   layout_gridlike, gauntlet_entry_generic, kennysheep_snail_temple
Lair:2:   layout_layer_cave, hellmonk_spider_entry_not_the_bees,
          eino_house_with_fridge, grunt_megastairs_5
Lair:3:   layout_roguey, nicolae_shoals_entry_flooding, lemuel_fruit_fields
Lair:4:   layout_roguey [special_room_bee], slime_entry_1, serial_bayou_pond_e,
          grunt_forest_small_clearings, minmay_lindwurm_lava

Skill      XL: |  1  2  3  4  5  6  7  8  9 10 11 12 13 14 |
---------------+-------------------------------------------+-----
Stealth        | 10 11 12 13 | 13.1
Invocations    | 1 2 3 4 5 6 7 8 9 10 | 10.1
Short Blades   | 1 2 3 5 6 7 8 9 |  9.3
Long Blades    | 1 2 3 5 6 7 8 9 |  9.3
Maces & Flails | 1 2 3 5 6 7 8 9 |  9.3
Polearms       | 1 2 3 5 6 7 8 9 |  9.3
Staves         | 1 2 3 5 6 7 8 9 |  9.3
Ranged Weapons | 1 2 3 5 6 7 8 9 |  9.3
Throwing       | 1 2 3 5 6 7 8 9 |  9.3
Armour         | 1 2 3 5 6 7 8 9 |  9.3
Shields        | 1 2 3 5 6 7 8 9 |  9.3
Unarmed Combat | 1 2 3 5 6 7 8 9 |  9.3
Spellcasting   | 1 2 3 5 6 7 8 9 |  9.3
Conjurations   | 1 2 3 4 5 6 7 |  7.7
Hexes          | 1 2 3 4 5 6 7 |  7.7
Summonings     | 1 2 3 4 5 6 7 |  7.7
Necromancy     | 1 2 3 4 5 6 7 |  7.7
Translocations | 1 2 3 4 5 6 7 |  7.7
Transmutations | 1 2 3 4 5 6 7 |  7.7
Fire Magic     | 1 2 3 4 5 6 7 |  7.7
Ice Magic      | 1 2 3 4 5 6 7 |  7.7
Air Magic      | 1 2 3 4 5 6 7 |  7.7
Earth Magic    | 1 2 3 4 5 6 7 |  7.7
Poison Magic   | 1 2 3 4 5 6 7 |  7.7
Evocations     | 1 2 3 5 6 7 8 9 |  9.3
Axes           | 5 6 7 8 9 10 | 10.4
Dodging        | 5 6 7 8 9 10 | 10.4
Fighting       | 7 8 9 10 11 | 11.3

Action                     |  1- 3 |  4- 6 |  7- 9 | 10-12 | 13-15 || total
---------------------------+-------+-------+-------+-------+-------++-------
  Melee: Hand axe          |     4 |   152 |   116 |       |       ||   272
         Punch             |       |     5 |     8 |     6 |    10 ||    29
         Bite              |       |    17 |    20 |    15 |    31 ||    83
         Short sword       |       |       |    61 |     2 |       ||    63
         Dagger            |       |       |     1 |       |       ||     1
         Labrys            |       |       |       |   151 |   222 ||   373
  Throw: Dart              |       |       |       |     1 |       ||     1
   Cast: Searing Ray       |       |       |     7 |    36 |    22 ||    65
         Magic Dart        |       |       |       |    18 |    26 ||    44
 Invoke: Ancestor Life: Ba |       |       |     1 |       |       ||     1
  Evoke: Wand              |     6 |     3 |       |       |       ||     9
    Use: Scroll            |     1 |       |     2 |    25 |     4 ||    32
         Potion            |       |       |     1 |     4 |     8 ||    13
   Stab: Sleeping          |     3 |    13 |     6 |     4 |     4 ||    30
         Distracted        |       |       |     3 |     6 |     5 ||    14
         Invisible         |       |       |       |       |     2 ||     2
 Armour: Leather armour    |       |    35 |    45 |    30 |       ||   110
         Ring mail         |       |       |       |     6 |    67 ||    73
  Dodge: Dodged            |     2 |    96 |   129 |   171 |   288 ||   686
  Block: Kite shield       |       |       |       |       |    82 ||    82

Table legend: (Time is in decaauts)
 A = Elapsed time spent in this place.
 B = Non-inter-level travel time spent in this place.
 C = Inter-level travel time spent in this place.
 D = Time resting spent in this place.
 E = Time spent auto-exploring this place.
 F = Levels seen in this place.
 G = Mean time per level.
                   A        B        C        D        E       F      G
               +--------+--------+--------+--------+--------+-----+--------+
         Total |  16890 |  16223 |    667 |   2386 |  10704 |  18 |  938.3 |
       Dungeon |  11863 |  11301 |    562 |   1742 |   7411 |  12 |  988.6 |
        Temple |     28 |     20 |      8 |      0 |      0 |   1 |   28.0 |
          Lair |   4668 |   4571 |     97 |    596 |   3293 |   4 | 1167.0 |
      Gauntlet |    329 |    329 |      0 |     48 |      0 |   1 |  329.0 |
               +--------+--------+--------+--------+--------+-----+--------+

Top non-repeatable levels by time:
     D:8: 1595 daAuts
  Lair:2: 1585 daAuts
     D:5: 1570 daAuts
     D:9: 1277 daAuts
     D:4: 1266 daAuts
  Lair:1: 1097 daAuts
  Lair:4: 1056 daAuts
     D:3: 966 daAuts
  Lair:3: 929 daAuts
    D:12: 849 daAuts
    D:10: 842 daAuts
     D:6: 833 daAuts
     D:2: 811 daAuts
    D:11: 638 daAuts
     D:1: 636 daAuts
